 Dungeon Crawl Stone Soup version 0.21.0-3-g78d12a8 (webtiles) character file.

1799 oplop the Chiller (level 9, -1/58 HPs)
             Began as an Octopode Ice Elementalist on Jan 12, 2018.
             Was a Believer of Cheibriados.
             Slain by a two-headed ogre
             ... wielding a +0 giant club
              (15 damage)
             ... on level 8 of the Dungeon.
             The game lasted 00:13:03 (6594 turns).

oplop the Chiller (Octopode Ice Elementalist)       Turns: 6594, Time: 00:13:03

Health: -1/58      AC:  8    Str: 11      XL:     9   Next: 9%
Magic:  1/17       EV: 16    Int: 24      God:    Cheibriados [**....]
Gold:   333        SH:  0    Dex: 16 (17) Spells: 2/19 levels left

rFire    x . .     SeeInvis +   c - +1 dagger
rCold    + . .     Gourm    .   (no shield)
rNeg     . . .     Faith    .   (helmet restricted)
rPois    .         Spirit   .   o - amulet of magic regeneration
rElec    .         Reflect  .   g - ring of ice
rCorr    .         Harm     .   e - ring of see invisible
MR       .....                  (no ring)
Stlth    +++.......             (no ring)
HPRegen  0.19/turn              (no ring)
MPRegen  0.40/turn              (no ring)
                                (no ring)
                                (no ring)

@: icy armour, very slightly contaminated, very slow
A: almost no armour, stealthy swim, amphibious, 8 rings, constrict 8, camouflage
1, gelatinous body 1
a: Bend Time, Renounce Religion


You were on level 8 of the Dungeon.
You worshipped Cheibriados.
Cheibriados was pleased with you.
You were hungry.

You visited 2 branches of the dungeon, and saw 9 of its levels.

You collected 333 gold pieces.

Inventory:

Hand Weapons
 c - a +1 dagger (weapon)
 l - a +2 short sword of speed
Jewellery
 e - a ring of see invisible (right tentacle)
 g - a ring of ice (left tentacle)
 i - an uncursed amulet of the gourmand
 o - an amulet of magic regeneration (around mantle)
 C - an uncursed ring of magical power {unknown}
Wands
 w - a wand of clouds (4)
Scrolls
 f - 2 scrolls of teleportation
 h - a scroll of random uselessness
 k - 5 scrolls of identify
 n - a scroll of amnesia
 p - a scroll of immolation
 q - 6 scrolls of remove curse
 t - 4 scrolls of enchant weapon
 y - a scroll of fear
 A - a scroll of fog {unknown}
Potions
 j - 3 potions of agility
 m - a potion of cancellation {unknown}
 r - a potion of berserk rage {unknown}
 s - 2 potions of brilliance {unknown}
 u - 3 potions of lignification {unknown}
 v - a potion of curing {unknown}
 x - 2 potions of mutation {unknown}
 z - a potion of heal wounds {unknown}
 B - a potion of flight {unknown}
Books
 a - a book of Frost

   Spells                             Type                      Level
   a - Freeze                         Ice                          1
   b - Throw Frost                    Conjuration/Ice              2
   c - Ozocubu's Armour               Charms/Ice                   3
   d - Throw Icicle                   Conjuration/Ice              4
   e - Summon Ice Beast               Ice/Summoning                4
 d - a book of Minor Magic

   Spells                             Type                      Level
   a - Magic Dart                     Conjuration                  1
   b - Blink                          Translocation                2
   c - Call Imp                       Summoning                    2
   d - Slow                           Hexes                        2
   e - Conjure Flame                  Conjuration/Fire             3
   f - Mephitic Cloud                 Conjuration/Poison/Air       3
Comestibles
 b - 8 rations


   Skills:
 + Level 4.0 Fighting
 + Level 4.6 Dodging
 - Level 2.6 Stealth
 * Level 5.8 Spellcasting
 - Level 2.2 Conjurations
 * Level 6.8 Ice Magic
 * Level 4.1 Invocations


You had 2 spell levels left.
You knew the following spells:

 Your Spells              Type           Power        Failure   Level  Hunger
a - Freeze                Ice            ####         1%          1    None
b - Ozocubu's Armour      Chrm/Ice       #####...     6%          3    #......
c - Summon Ice Beast      Ice/Summ       #####...     21%         4    ###....
d - Throw Icicle          Conj/Ice       #####...     12%         4    ###....
e - Blink                 Tloc           N/A          12%         2    None
f - Mephitic Cloud        Conj/Pois/Air  ##......     19%         3    #......


Dungeon Overview and Level Annotations

Branches:
Dungeon (8/15)             Temple (1/1) D:5
   Lair: D:8-11

Altars:
Ashenzari
Cheibriados
Dithmenos
Elyvilon
Fedhas
Gozag
Hepliaklqana
Kikubaaqudgha
Makhleb
Nemelex Xobeh
Okawaru
Qazlal
Ru
Sif Muna
Trog
Uskayaw
Vehumet
Wu Jian
Yredelemnul
Zin
The Shining One

Shops:
D:6 }

Annotations:
D:6 Dominolapin's ghost, novice HuFi


Innate Abilities, Weirdness & Mutations

You cannot wear most types of armour.
You are very stealthy in the water. (Stealth+)
You are amphibious.
You can wear up to eight rings at the same time.
You can use your tentacles to constrict eight enemies at once.
Your skin changes colour to match your surroundings (Stealth+).
Your rubbery body absorbs attacks. (AC +1, EV +1)


Message History

Gang up on whom?
Press: ? - help, Dir - move target cursor, f/p - two-headed ogre
Aim: a two-headed ogre, wielding a giant club and a dire flail (noxious fumes, moderately wounded, confused) Attack!
The two-headed ogre is engulfed in noxious fumes.
Your ice beast hits the two-headed ogre but does no damage.
Casting: Mephitic Cloud
Confirm with . or Enter, or press ? or * to list all spells.
Aiming: Throw Icicle
Press: ? - help, Shift-Dir - straight line, f/p - two-headed ogre
Aim: a two-headed ogre, wielding a giant club and a dire flail (noxious fumes, moderately wounded, confused)
You feel a surge of power!
Really fire in your ice beast's direction?
The shard of ice hits the two-headed ogre.
The two-headed ogre is heavily wounded.
The two-headed ogre is engulfed in noxious fumes.
The two-headed ogre barely misses you. The two-headed ogre misses you.
Your ice beast barely misses the two-headed ogre.
The two-headed ogre hits you with a giant club!
You die...

#... >. ... ....
#. #.# #.. #. #.#
#.. #. #(# #.# #.
#.# #.###.### #.
#.# #....#..#
#.#.####.###.##..#
#.......§YO@....##
#...####.###.#..#
#...####<# #.#..#
..........# #.#..#
###..#####.#
#.#... #........#
#.#...#
##.#####.###.#...#
#. #.....#....
#.#####


You could see a two-headed ogre (confused) and a friendly ice beast.

Vanquished Creatures
  A wraith (D:7)
  An orc warrior (D:6)
  2 ice beasts
  An ogre (D:4)
  3 centaurs
  A bullfrog (D:6)
  2 scorpions
  A centaur zombie (D:5)
  2 crimson imps
  A quasit (D:7)
  4 orc priests
  2 hounds
  2 iguanas
  A bullfrog skeleton (D:5)
  Terence (D:2)
  5 orc wizards
  5 worker ants
  A hound zombie (D:5)
  A worker ant zombie (D:6)
  8 adders
  A shadow imp (D:7)
  An adder skeleton (D:4)
  A worm (D:5)
  4 dart slugs
  3 leopard geckos
  15 orcs
  4 bats
  2 giant cockroaches
  13 goblins
  5 hobgoblins
  3 jackals (D:6)
  2 quokkas
  A ball python (D:4)
  6 frilled lizards
  A giant cockroach zombie (D:5)
  3 jackal skeletons
  10 kobolds
  5 rats
125 creatures vanquished.

Vanquished Creatures (collateral kills)
  An ice beast (D:7)
  A centaur (D:5)
  6 orcs
8 creatures vanquished.

Grand Total: 133 creatures vanquished

Notes
Turn   | Place    | Note
-------+----------+-------------------------------------------
     0 | D:1      | oplop the Octopode Ice Elementalist began the quest for the Orb.
     0 | D:1      | Reached XP level 1. HP: 11/11 MP: 3/3
   352 | D:1      | Reached XP level 2. HP: 17/17 MP: 5/5
   776 | D:1      | Reached XP level 3. HP: 19/22 MP: 6/6
   781 | D:1      | Learned a level 3 spell: Ozocubu's Armour
  1401 | D:2      | Reached skill level 1 in Fighting
  1600 | D:2      | Noticed Terence
  1662 | D:2      | Killed Terence
  1662 | D:2      | Reached XP level 4. HP: 25/28 MP: 2/8
  1807 | D:2      | Noticed a fire elemental
  1809 | D:2      | Found a stormy altar of Qazlal.
  1814 | D:2      | Noticed a water elemental
  1818 | D:2      | Noticed an air elemental
  1821 | D:2      | Noticed an earth elemental
  2059 | D:3      | Found an ornate altar of the Wu Jian Council.
  2126 | D:3      | Found a bloodstained altar of Trog.
  2219 | D:3      | Found a burning altar of Makhleb.
  2373 | D:4      | Reached skill level 4 in Ice Magic
  2416 | D:4      | Reached XP level 5. HP: 33/33 MP: 9/9
  2690 | D:4      | Reached XP level 6. HP: 31/39 MP: 6/11
  2746 | D:4      | Found an opulent altar of Gozag.
  2899 | D:4      | Found an iron altar of Okawaru.
  2963 | D:4      | Found an ancient bone altar of Kikubaaqudgha.
  2979 | D:4      | Reached skill level 5 in Ice Magic
  3276 | D:4      | Learned a level 4 spell: Summon Ice Beast
  3281 | D:4      | Learned a level 4 spell: Throw Icicle
  3301 | D:5      | Entered Level 5 of the Dungeon
  3334 | D:5      | Reached XP level 7. HP: 45/45 MP: 13/13
  3386 | D:5      | Found a staircase to the Ecumenical Temple.
  3498 | D:5      | Found a deep blue altar of Sif Muna.
  3649 | D:5      | Found a blossoming altar of Fedhas.
  3822 | Temple   | Entered the Ecumenical Temple
  4033 | Temple   | Became a worshipper of Cheibriados the Contemplative
  4333 | D:5      | Reached skill level 1 in Invocations
  4333 | D:5      | Reached XP level 8. HP: 47/52 MP: 12/15
  4504 | D:6      | HP: 2/52 [orc priest/divine providence (9)]
  4822 | D:6      | Found Gixof's Gadget Shoppe.
  4915 | D:6      | Reached * piety under Cheibriados
  4974 | D:6      | Reached skill level 5 in Spellcasting
  4974 | D:6      | Reached skill level 6 in Ice Magic
  5228 | D:6      | Noticed Dominolapin's ghost (novice HuFi)
  5251 | D:7      | Noticed a wraith
  6028 | D:7      | Killed a wraith
  6144 | D:7      | Reached ** piety under Cheibriados
  6177 | D:7      | Reached XP level 9. HP: 54/58 MP: 17/17
  6575 | D:8      | Learned a level 2 spell: Blink
  6579 | D:8      | Learned a level 3 spell: Mephitic Cloud
  6580 | D:8      | Noticed a two-headed ogre
  6594 | D:8      | Slain by a two-headed ogre

Skill      XL: |  1  2  3  4  5  6  7  8  9 |
---------------+----------------------------+-----
Fighting       | 1 2 3 4 |  4.0
Spellcasting   | 3 4 5 |  5.8
Ice Magic      | 4 5 6 |  6.8
Dodging        | 3 4 |  4.6
Conjurations   | 2 |  2.2
Invocations    | 1 3 4 |  4.1
Stealth        | |  2.6

Action                   |  1- 3 |  4- 6 |  7- 9 || total
-------------------------+-------+-------+-------++-------
Melee: Unarmed           |     7 |       |       ||     7
       Tentacles         |    10 |    14 |    26 ||    50
       Constrict         |    19 |    23 |    32 ||    74
       Dagger            |    52 |       |    97 ||   149
       Short sword       |     2 |    81 |    29 ||   112
 Cast: Freeze            |    15 |    20 |    57 ||    92
       Ozocubu's Armour  |     3 |     5 |    24 ||    32
       Summon Ice Beast  |       |       |    12 ||    12
       Throw Icicle      |       |       |    10 ||    10
       Mephitic Cloud    |       |       |     1 ||     1
  Use: Scroll            |       |     3 |     6 ||     9
 Stab: Sleeping          |     8 |     9 |     5 ||    22
  Eat: Chunk             |     7 |     9 |     7 ||    23
Armor: Skin              |    12 |     9 |    42 ||    63
Dodge: Dodged            |    31 |    37 |   174 ||   242
